 Dungeon Crawl Stone Soup version 0.24.0-37-gcf1ca852f1 (webtiles) character file.

Game seed: 1232741014693815134, levelgen mode: deterministic

12581 lepoulpe303 the Thaumaturge (level 11, -1/52 HPs)
             Began as a Spriggan Enchanter on Nov 22, 2019.
             Was a Priest of Dithmenos.
             Slain by a two-headed ogre
             ... wielding a +5 great mace of flaming
              (19 damage)
             ... in a volcano.
             The game lasted 01:07:18 (17414 turns).

lepoulpe303 the Thaumaturge (Spriggan Enchanter)   Turns: 17414, Time: 01:07:18

Health: -1/52      AC:  9    Str:  4    XL:     11   Next: 64%
Magic:  29/29      EV:  9    Int: 20    God:    Dithmenos [***...]
Gold:   742        SH: 10    Dex: 17    Spells: 24/36 levels left

rFire    + + .     SeeInvis +   b - +3 rapier (venom)
rCold    x . .     Gourm    .   M - +0 buckler
rNeg     . . .     Faith    .   Q - +0 fire dragon scales
rPois    .         Spirit   .   (helmet restricted)
rElec    .         Reflect  +   y - +0 cloak
rCorr    .         Harm     .   (gloves unavailable)
MR       +....                  (boots unavailable)
Stlth    +++++.....             A - +4 amulet of reflection
HPRegen  0.17/turn              W - ring of wizardry {Wiz+}
MPRegen  0.21/turn              (no ring)

@: wreathed by umbra, very quick
A: very small, unfitting armour, see invisible, herbivore, speed 3, slow
metabolism 2
a: Shadow Step, Renounce Religion


You were in a volcano.
You worshipped Dithmenos.
Dithmenos was most pleased with you.
You were not hungry.

You visited 3 branches of the dungeon, and saw 13 of its levels.
You also visited: Sewer and Volcano.

You collected 742 gold pieces.

Inventory:

Hand Weapons
 a - the +5 rapier of Capital Punishment {drain, rC++}
   (You found it on level 1 of the Lair of Beasts)

   A truly terrible weapon, it drains the life of those it strikes.
   It greatly protects you from cold.
 b - a +3 rapier of venom (weapon)
 c - a +1 rapier of speed
 d - a +1 dagger of flaming
Missiles
 q - 4 poisoned darts (quivered)
 H - 2 boomerangs of dispersal {=f}
Armour
 n - a +0 robe
 y - a +0 cloak (worn)
 M - a +0 buckler (worn)
 Q - +0 fire dragon scales (worn)
Jewellery
 k - an uncursed amulet of harm
 A - a +4 amulet of reflection (around neck)
 G - an uncursed ring of ice {rC+, rF-}
 W - a ring of wizardry (left hand) {Wiz+}
Wands
 m - a wand of iceblast (24)
 x - a wand of disintegration (11)
 F - a wand of paralysis (14)
 K - a wand of clouds (5)
 L - a wand of flame (18)
Scrolls
 f - a scroll of fog
 i - 4 scrolls of identify
 o - 3 scrolls of immolation {!r}
 r - 2 scrolls of enchant weapon
 t - a scroll of teleportation
 u - 2 scrolls of amnesia
 w - 2 scrolls of remove curse
 B - 3 scrolls of blinking {!r}
 I - a scroll of enchant armour {unknown}
 N - a scroll of magic mapping {unknown}
Potions
 g - 11 potions of curing {unknown}
 h - 2 potions of haste
 j - a potion of resistance {unknown}
 l - 4 potions of heal wounds
 p - a potion of brilliance {unknown}
 s - 4 potions of agility
 v - 2 potions of mutation {unknown}
 z - 3 potions of cancellation
 C - 2 potions of lignification {unknown}
 D - a potion of magic {unknown}
 E - a potion of flight {unknown}
 J - a potion of ambrosia {unknown}
 O - a potion of invisibility {unknown}
Miscellaneous
 P - a phantom mirror
 R - a phial of floods
Comestibles
 e - 19 rations


   Skills:
 - Level 3.0 Fighting
 + Level 7.6 Short Blades
 - Level 8.0 Dodging
 + Level 11.2 Stealth
 - Level 2.0 Shields
 - Level 13.0 Spellcasting
 - Level 8.0 Hexes
 + Level 7.2 Invocations


You had 24 spell levels left.
You knew the following spells:

 Your Spells              Type           Power        Failure   Level  Hunger
a - Ensorcelled Hibernat  Hex/Ice        ####..       56%         2    None
b - Tukima's Dance        Hex            #####...     28%         3    None
c - Confuse               Hex            #####...     28%         3    None
d - Dazzling Spray        Conj/Hex       ####..       80%         3    None
v - Corona                Hex            #####..      10%         1    None

Your spell library contained the following spells:

 Spells                   Type           Power        Failure   Level  Hunger


Dungeon Overview and Level Annotations

Branches:
Dungeon (10/15)            Temple (1/1) D:5            Lair (2/6) D:10
    Orc (0/2) D:10          Sewer (visited)         Volcano (1/1)
  Swamp: Lair:2-4    Shoals: Lair:2-4     Snake: Lair:2-4    Spider: Lair:2-4

Altars:
Ashenzari
Cheibriados
Dithmenos
Elyvilon
Fedhas
Gozag
Hepliaklqana
Kikubaaqudgha
Makhleb
Nemelex Xobeh
Okawaru
Qazlal
Ru
Sif Muna
Trog
Uskayaw
Vehumet
Wu Jian
Xom
Yredelemnul
Zin
The Shining One

Shops:
D:10 (

Annotations:
Lair:2 2 transporters, Xudgha's ghost, journeyman MiFi


Innate Abilities, Weirdness & Mutations

You are very small and have problems with some larger weapons.
You are too small for most types of armour.
You have supernaturally acute eyesight. (SInv)
You are a herbivore.
You cover ground extremely quickly.
You need to consume almost no food.


Message History

In the distance, the volcano erupts with a roar.
You start resting.
Health restored: 52
Okay, then.
Okay, then.
Remove which piece of jewellery? (? for menu, Esc to quit)
You remove your ring of ice {rC+, rF-}.
A two-headed ogre comes into view.
It is wielding a +5 great mace of flaming and a +0 giant club of flaming.
Found a rocky tunnel leading out of this place.
The helpless two-headed ogre fails to defend itself.
You skewer the two-headed ogre like a kebab!!!
The two-headed ogre looks as sick as possible!
The air gets thick with the scent of sulphur.
The two-headed ogre hits you with a +5 great mace of flaming!!
Ouch! That really hurt!
* * * LOW HITPOINT WARNING * * *
You emit a cloud of dark smoke.
The two-headed ogre burns you.
* * * LOW HITPOINT WARNING * * *
The two-headed ogre hits you with a +0 giant club of flaming!!
You die...

##...≈§≈≈
#....≈≈≈≈
##...≈≈≈≈≈
###....≈≈≈§≈
###........≈§≈
##..######...§.
####.≈###
#..###
###§##.≈≈§§
####
#.§@§..≈≈§§☼#
#.O§§.≈≈≈≈≈≈#
##≈..§≈≈§§§##
#≈§≈§.≈≈≈###
#≈≈≈≈≈≈≈##
##≈≈≈≈###
###≈≈# ####


You could see a two-headed ogre.

Levels and vault maps discovered:
D:1:      nicolae_arrival_washed_ashore, layout_basic, st_stairs_3
D:2:      wad_river_or_something, layout_basic
D:3:      layout_basic, lemuel_round_altar, cheibriados_altar_1, first_ration,
          hangedman_decor_growths, kennysheep_generic_room_6
D:4:      layout_gridville, portal_sewer_entry_f, uniq_blork_the_orc
D:5:      layout_basic, kennysheep_mini, minmay_temple_entry_junction,
          uniq_sigmund
D:6:      layout_cave_pods, basic_altar, minmay_fire_ice_demons
D:7:      layout_basic, xom_butterflies, serial_curves, eino_curves_04,
          eino_curves_03, grunt_livestock, minmay_bent
D:8:      layout_loops_corners, grunt_ministairs_4
D:9:      layout_basic, old_standard_altar, nemelex_xobeh_ov_fountains_minmay,
          basic_altar, hangedman_decor_peaks_small
D:10:     layout_basic, erik_lair_orcish_takeover, orc_david_3
Temple:   eino_temple_rhombus
Lair:1:   layout_cave_pods, basic_altar
Lair:2:   beast_lair_carwin_large_4, layout_regular_city,
          nicolae_volcano_entry_two_sided, gammafunk_ghost_hive
Volcano:  volcano_pools

Notes
Turn   | Place    | Note
-------+----------+-------------------------------------------
     0 | D:1      | lepoulpe303 the Spriggan Enchanter began the quest for the
                  | Orb.
     0 | D:1      | Reached XP level 1. HP: 9/9 MP: 5/5
   188 | D:1      | Identified a +0 club
   213 | D:1      | Identified a cursed -3 club
   218 | D:1      | Identified a +1 short sword of venom
   281 | D:1      | Reached skill level 5 in Stealth
   281 | D:1      | Reached XP level 2. HP: 5/13 MP: 6/6
   291 | D:1      | Learned a level 2 spell: Ensorcelled Hibernation
   473 | D:1      | Identified a cursed -2 club
   478 | D:1      | Reached skill level 2 in Short Blades
   870 | D:1      | Identified a +0 club
  1164 | D:1      | Reached XP level 3. HP: 16/16 MP: 8/8
  1169 | D:1      | Learned a level 3 spell: Confuse
  1334 | D:1      | Identified a +0 club
  1629 | D:2      | Identified a cursed +0 club
  1924 | D:2      | Identified a +0 club
  1927 | D:2      | Identified a cursed -1 club
  1995 | D:2      | Identified a +0 dagger
  2191 | D:2      | Identified a +0 dagger
  2217 | D:2      | Reached XP level 4. HP: 21/21 MP: 9/9
  2252 | D:2      | Reached skill level 1 in Shields
  2318 | D:2      | Reached skill level 3 in Short Blades
  2318 | D:2      | Reached skill level 6 in Stealth
  2941 | D:3      | Identified a +0 dagger
  2976 | D:3      | Identified a +2 rapier of venom
  2976 | D:3      | Identified a +0 scale mail
  3099 | D:3      | Found a basalt altar of Yredelemnul.
  3132 | D:3      | lepoulpe303: !whichgod spen
  3132 | D:3      | meem: 96 recent wins for spen: 36x Gozag, 30x Dithmenos, 7x
                  | Ashenzari, 5x Wu Jian, 4x Nemelex Xobeh, 3x Jiyva, 2x
                  | Kikubaaqudgha, 2x Ru, , Elyvilon, Okawaru, Uskayaw, Xom,
                  | Yredelemnul, Zin
  3161 | D:3      | Found a snail-covered altar of Cheibriados.
  3253 | D:3      | Identified a +0 whip
  3308 | D:3      | Identified a +0 club
  3392 | D:3      | Identified a +0 dagger
  3418 | D:3      | Identified a +0 hand axe
  3418 | D:3      | Identified a +0 club
  3478 | D:3      | Reached XP level 5. HP: 12/24 MP: 3/10
  3480 | D:3      | HP: 6/24 [jackal (2)]
  3489 | D:3      | HP: 5/24 [kobold (2)]
  3838 | D:3      | Identified a +0 cloak (You found it on level 3 of the
                  | Dungeon)
  3885 | D:3      | Identified a +0 short sword
  4100 | D:3      | Identified a +0 short sword
  4381 | D:4      | Reached skill level 4 in Short Blades
  4381 | D:4      | Reached skill level 7 in Stealth
  4383 | D:4      | Found the +0 Maxwell's etheric cage {RegenMP+ *Contam rElec
                  | MP+4}
  4386 | D:4      | Found a glowing drain.
  4420 | D:4      | HP: 6/24 [leopard gecko (3)]
  4526 | Sewer    | Entered a sewer
  4765 | Sewer    | Noticed Purgy
  4778 | Sewer    | Killed Purgy
  4778 | Sewer    | Reached skill level 8 in Stealth
  4778 | Sewer    | Reached XP level 6. HP: 28/28 MP: 7/11
  4783 | Sewer    | Learned a level 3 spell: Tukima's Dance
  4808 | Sewer    | Identified a +0 short sword
  4815 | Sewer    | Identified a +0 dagger
  4908 | D:4      | Reached skill level 5 in Short Blades
  4975 | D:4      | Identified a +0 hand axe
  4975 | D:4      | Identified a +0 robe
  4975 | D:4      | Noticed Blork the orc
  5005 | D:4      | HP: 5/28 [Blork the orc/puff of flame (11)]
  5006 | D:4      | Killed Blork the orc
  5006 | D:4      | Reached skill level 3 in Spellcasting
  5006 | D:4      | Reached skill level 4 in Hexes
  5492 | D:4      | Identified a +0 morningstar
  5492 | D:4      | Identified a +0 whip
  5492 | D:4      | Identified a +1 leather armour of positive energy
  5496 | D:4      | Identified a +1 dagger of flaming
  5496 | D:4      | Identified a +0 robe
  5803 | D:5      | Entered Level 5 of the Dungeon
  5814 | D:5      | Identified a cursed -3 scythe
  5814 | D:5      | Identified a +0 robe
  5814 | D:5      | Noticed Sigmund
  5816 | D:5      | Found a staircase to the Ecumenical Temple.
  5826 | D:5      | Killed Sigmund
  5826 | D:5      | Reached skill level 4 in Spellcasting
  5826 | D:5      | Reached skill level 5 in Hexes
  5826 | D:5      | Reached XP level 7. HP: 32/32 MP: 9/15
  5873 | D:5      | Reached skill level 6 in Hexes
  6052 | D:5      | Identified a +0 dagger
  6146 | D:5      | Identified a +0 short sword
  6161 | D:5      | Reached skill level 7 in Hexes
  6166 | D:5      | Identified a +0 ring mail
  6167 | D:5      | Identified a +0 hand axe
  6226 | D:5      | Identified 6 scrolls of identify
  6226 | D:5      | Identified an amulet of harm (You found it on level 2 of
                  | the Dungeon)
  6227 | D:5      | Identified an amulet of reflection (You found it on level 5
                  | of the Dungeon)
  6343 | D:5      | Reached XP level 8. HP: 36/36 MP: 16/16
  6350 | D:5      | Learned a level 3 spell: Dazzling Spray
  6398 | D:5      | Found a hazy altar of Hepliaklqana.
  6570 | Temple   | Entered the Ecumenical Temple
  6713 | Temple   | Became a worshipper of Dithmenos the Shadowed
  7003 | D:5      | Identified 3 scrolls of enchant weapon
  7084 | D:6      | Identified a ring of ice (You found it on level 6 of the
                  | Dungeon)
  7085 | D:6      | Identified 4 potions of agility
  7525 | D:6      | Found a shattered altar of Ashenzari.
  7551 | D:6      | Reached skill level 1 in Invocations
  7666 | D:6      | Reached skill level 8 in Hexes
  7672 | D:6      | Identified a +0 buckler (You found it on level 1 of the
                  | Dungeon)
  8050 | D:7      | HP: 7/36 [acid (4)]
  8350 | D:7      | Identified a +0 scimitar
  8350 | D:7      | Identified a +0 chain mail
  8355 | D:7      | Identified a +0 dagger
  8358 | D:7      | Found a shimmering altar of Xom.
  8358 | D:7      | Identified a +0 mace
  8378 | D:7      | Reached skill level 5 in Spellcasting
  8450 | D:7      | Reached skill level 1 in Fighting
  8450 | D:7      | Reached skill level 2 in Invocations
  8475 | D:7      | Identified a +0 long sword
  8475 | D:7      | Identified a +0 robe
  8481 | D:7      | Identified a +0 battleaxe
  8481 | D:7      | Identified a +0 chain mail
  8690 | D:7      | Identified a +0 war axe of draining
  8710 | D:7      | Reached skill level 4 in Dodging
  8806 | D:7      | Identified a +0 short sword
  8810 | D:7      | Identified a +0 dagger
  8810 | D:7      | Identified a +0 robe
  8815 | D:7      | Reached skill level 2 in Shields
  8819 | D:7      | Reached * piety under Dithmenos
  8902 | D:7      | Identified a +0 giant club
  8909 | D:7      | Reached skill level 2 in Fighting
  8909 | D:7      | Reached skill level 5 in Dodging
  8909 | D:7      | Reached skill level 3 in Invocations
  9025 | D:7      | Identified a +0 hand axe
  9025 | D:7      | Identified a +0 animal skin
  9061 | D:7      | Reached skill level 6 in Spellcasting
  9061 | D:7      | Reached XP level 9. HP: 42/42 MP: 17/19
  9180 | D:7      | Reached skill level 6 in Dodging
  9496 | D:7      | Reached skill level 4 in Invocations
  9591 | D:7      | Reached skill level 3 in Fighting
  9592 | D:7      | Identified a +0 shortbow
  9605 | D:7      | Identified a +0 hand axe
  9605 | D:7      | Identified a +0 plate armour
  9609 | D:7      | Identified a +0 whip
  9609 | D:7      | Identified a +0 chain mail
  9638 | D:7      | Reached skill level 7 in Spellcasting
  9755 | D:7      | Reached skill level 7 in Dodging
  9935 | D:7      | Identified 3 potions of heal wounds
  9936 | D:7      | Identified 3 potions of cancellation
  9937 | D:7      | Identified 2 scrolls of immolation
  9993 | D:8      | Identified a +0 shortbow
 10282 | D:8      | Identified a +0 club
 10287 | D:8      | Reached skill level 5 in Invocations
 10570 | D:8      | Reached skill level 8 in Dodging
 10579 | D:8      | Reached skill level 8 in Spellcasting
 10991 | D:8      | Identified a +0 flail
 10993 | D:8      | Identified a +0 dagger
 10993 | D:8      | Identified a +0 robe
 10995 | D:8      | Identified a +0 club
 10995 | D:8      | Identified a cursed +0 leather armour
 11313 | D:8      | Identified a +0 dire flail
 11313 | D:8      | Identified a +0 giant club
 11313 | D:8      | Noticed a two-headed ogre
 11354 | D:8      | Killed a two-headed ogre
 11354 | D:8      | Reached ** piety under Dithmenos
 11354 | D:8      | Reached skill level 10 in Spellcasting
 11354 | D:8      | Reached XP level 10. HP: 49/49 MP: 21/25
 11706 | D:8      | Reached skill level 11 in Spellcasting
 11781 | D:8      | Identified 4 scrolls of blinking
 11782 | D:8      | Identified 2 potions of degeneration
 11784 | D:8      | Identified 2 potions of haste
 11803 | D:9      | Found a sparkling altar of Nemelex Xobeh.
 12093 | D:9      | Identified a +0 shortbow
 12265 | D:9      | Reached skill level 12 in Spellcasting
 12574 | D:9      | Found a shimmering blue altar of Sif Muna.
 12591 | D:9      | Identified a cursed -3 club
 12596 | D:9      | Identified a +0 club
 12596 | D:9      | Identified a +0 leather armour
 12599 | D:9      | Identified a +0 club
 12599 | D:9      | Identified a +0 leather armour
 12641 | D:9      | Found a glowing golden altar of the Shining One.
 12840 | D:9      | Identified a +0 giant club
 12840 | D:9      | Identified a +0 giant club
 12840 | D:9      | Noticed a two-headed ogre
 12871 | D:9      | Killed a two-headed ogre
 13075 | D:9      | Identified a +0 club
 13075 | D:9      | Identified a +0 leather armour
 13079 | D:9      | Identified a +0 flail
 13092 | D:9      | Reached skill level 13 in Spellcasting
 13136 | D:9      | Identified a +0 club
 13136 | D:9      | Identified a +0 dagger
 13136 | D:9      | Identified a +0 flail
 13137 | D:9      | Identified a +0 dagger
 13138 | D:9      | Identified a +0 leather armour
 13422 | D:10     | Entered Level 10 of the Dungeon
 13422 | D:10     | Found Zumeag's Weapon Boutique.
 13422 | D:10     | Identified a +2 whip of freezing
 13423 | D:10     | Found a staircase to the Orcish Mines.
 13423 | D:10     | Identified a +1 dagger of flaming
 13424 | D:10     | Identified a +1 scimitar of flaming
 13424 | D:10     | Identified a cursed +0 chain mail
 13424 | D:10     | Identified a +0 short sword
 13424 | D:10     | Identified a +0 ring mail
 13428 | D:10     | Identified a +0 scimitar
 13428 | D:10     | Identified a +0 plate armour
 13433 | D:10     | Identified a +0 dagger
 13435 | D:10     | Identified a +0 war axe
 13435 | D:10     | Identified a +0 chain mail
 13436 | D:10     | Identified a +0 mace
 13741 | D:10     | Identified a +0 dagger
 13741 | D:10     | Identified a +0 robe
 13928 | D:10     | Identified 3 scrolls of amnesia
 14023 | D:10     | Identified a cursed -3 short sword
 14027 | D:10     | Identified a +0 flail
 14027 | D:10     | Identified a +1 chain mail of cold resistance
 14027 | D:10     | Identified a +0 dagger
 14027 | D:10     | Identified a +0 robe
 14027 | D:10     | Identified a +0 leather armour
 14075 | D:10     | Identified a +0 giant club
 14209 | D:10     | Identified a +0 giant club
 14210 | D:10     | Identified a +0 giant spiked club
 14210 | D:10     | Identified a +0 dire flail
 14210 | D:10     | Noticed a two-headed ogre
 14355 | D:10     | Reached XP level 11. HP: 38/52 MP: 23/29
 14446 | D:10     | Identified a +0 dagger
 14446 | D:10     | Identified a +0 robe
 14447 | D:10     | Identified a +0 short sword
 14447 | D:10     | Identified a +0 leather armour
 14448 | D:10     | Found a staircase to the Lair.
 14448 | D:10     | Identified a +0 dagger
 14448 | D:10     | Identified a +0 robe
 14449 | D:10     | Identified a +0 dagger
 14485 | D:10     | Identified a +0 club
 14485 | D:10     | Identified a +0 leather armour
 14517 | D:10     | Identified a +0 flail
 14546 | D:10     | Reached *** piety under Dithmenos
 14680 | D:10     | Identified a +0 hand axe
 14680 | D:10     | Identified a +0 leather armour
 14680 | D:10     | Identified a +1 dagger of venom
 14680 | D:10     | Identified a +0 robe
 14736 | D:10     | Reached skill level 9 in Stealth
 14969 | D:10     | Identified a +0 short sword
 14973 | D:10     | Identified a cursed -3 dagger
 14973 | D:10     | Identified a +0 robe
 15672 | D:10     | Killed a two-headed ogre
 15672 | D:10     | Reached skill level 6 in Short Blades
 15672 | D:10     | Reached skill level 6 in Invocations
 15715 | D:10     | Identified 2 scrolls of fog
 15716 | D:10     | Identified 2 scrolls of teleportation
 15717 | D:10     | Identified 2 scrolls of remove curse
 15718 | D:10     | Identified a ring of wizardry (You found it on level 6 of
                  | the Dungeon)
 15730 | Lair:1   | Entered Level 1 of the Lair of Beasts
 16013 | Lair:1   | Identified a +2 rapier of draining (You found it on level 7
                  | of the Dungeon)
 16097 | Lair:1   | Found an iron altar of Okawaru.
 16144 | Lair:1   | Identified a +1 rapier of speed (You found it on level 1 of
                  | the Lair of Beasts)
 16160 | Lair:1   | Noticed a four-headed hydra
 16172 | Lair:1   | Killed a four-headed hydra
 16172 | Lair:1   | Reached skill level 10 in Stealth
 16222 | Lair:1   | Got an ichor-stained rapier
 16223 | Lair:1   | Identified the +5 rapier of Capital Punishment {drain,
                  | rC++} (You found it on level 1 of the Lair of Beasts)
 16303 | Lair:1   | Reached skill level 7 in Short Blades
 16682 | Lair:1   | Reached skill level 7 in Invocations
 16766 | Lair:1   | You fall into a shaft and drop 1 floor!
 16897 | Lair:1   | Reached skill level 11 in Stealth
 16906 | Lair:1   | HP: 11/52 [wolf (7)]
 16923 | Lair:1   | HP: 12/52 [wolf (1)]
 16937 | D:10     | HP: 10/52 [wolf (3)]
 17132 | Lair:2   | Found a transporter.
 17133 | Lair:2   | Found a transporter.
 17133 | Lair:2   | Noticed Xudgha's ghost (journeyman MiFi)
 17177 | Lair:2   | Found a dark tunnel.
 17244 | Lair:2   | Identified +0 fire dragon scales (You found it on level 10
                  | of the Dungeon)
 17245 | Volcano  | Entered a volcano
 17410 | Volcano  | Identified a +5 great mace of flaming
 17410 | Volcano  | Identified a +0 giant club of flaming
 17410 | Volcano  | Noticed a two-headed ogre
 17414 | Volcano  | Slain by a two-headed ogre

Table legend:
 A = Turns spent in this place as a percentage of turns spent in the entire game.
 B = Non-inter-level travel turns spent in this place as a percentage of non-inter-level travel turns spent in the entire game.
 C = Inter-level travel turns spent in this place as a percentage of turns spent in this place.
 D = Turns resting spent in this place as a percentage of non-inter-level travel turns spent in this place.
 E = Turns spent auto-exploring this place as a percentage of non-inter-level travel turns spent in this place.
 F = Non-inter-level travel turns spent in this place divided by the number of levels of this place that you've seen.
                   A       B       C       D       E      F
               +-------+-------+-------+-------+-------+----------------------
         Total | 100.0 | 100.0 |   4.1 |  33.4 |  40.5 | 1113.3
       Dungeon |  88.1 |  88.4 |   3.8 |  33.1 |  42.5 | 1476.0
        Temple |   0.9 |   0.9 |  10.6 |   0.0 |  97.2 | 143.0
          Lair |   8.0 |   7.7 |   8.4 |  27.8 |  26.9 | 639.5
         Sewer |   2.0 |   2.1 |   0.0 |  55.7 |   0.0 | 348.0
       Volcano |   1.0 |   1.0 |   0.0 |  81.1 |   0.0 | 169.0
               +-------+-------+-------+-------+-------+----------------------

Table legend:
 A = Kills in this place as a percentage of kills in entire the game.
 B = Kills by you in this place as a percentage of kills by you in the entire game.
 C = Kills by friends in this place as a percentage of kills by friends in the entire game.
 D = Other kills in this place as a percentage of other kills in the entire game.
 E = Experience gained in this place as a percentage of experience gained in the entire game.
 F = Experience gained in this place divided by the number of levels of this place that you have seen.
                   A       B       C       D       E      F
               +-------+-------+-------+-------+-------+----------------------
         Total | 100.0 | 100.0 |   N/A | 100.0 | 100.0 | 1198.3
       Dungeon |  90.7 |  90.6 |   N/A | 100.0 |  73.3 | 1316.9
          Lair |   7.3 |   7.3 |   N/A |   0.0 |  25.9 | 2329.5
         Sewer |   2.1 |   2.1 |   N/A |   0.0 |   0.8 | 146.0
               +-------+-------+-------+-------+-------+----------------------

Skill      XL: |  1  2  3  4  5  6  7  8  9 10 11 |
---------------+----------------------------------+-----
Stealth        | 5 6 8 11 | 11.2
Short Blades   | 2 3 4 5 7 |  7.6
Shields        | 1 2 |  2.0
Spellcasting   | 4 6 10 13 | 13.0
Hexes          | 5 7 8 |  8.0
Invocations    | 3 5 7 |  7.2
Fighting       | 2 3 |  3.0
Dodging        | 5 8 |  8.0

Action                   |  1- 3 |  4- 6 |  7- 9 | 10-12 || total
-------------------------+-------+-------+-------+-------++-------
Melee: Dagger            |    93 |       |     1 |    13 ||   107
       Short sword       |    24 |    31 |       |       ||    55
       Rapier            |       |   109 |   289 |   409 ||   807
Throw: Dart              |       |    20 |    53 |    92 ||   165
 Cast: Corona            |     3 |       |       |       ||     3
       Ensorcelled Hiber |     2 |     2 |     3 |     1 ||     8
       Confuse           |       |     7 |    11 |    21 ||    39
Evoke: Wand              |       |       |       |     7 ||     7
  Use: Scroll            |       |       |     8 |     7 ||    15
 Stab: Sleeping          |    16 |    20 |    21 |    16 ||    73
       Confused          |       |     3 |     9 |    16 ||    28
       Distracted        |       |       |       |     1 ||     1
  Eat: Ration            |       |     2 |     3 |     3 ||     8
Armor: Robe              |    12 |    14 |    14 |     6 ||    46
Dodge: Dodged            |    79 |   103 |   136 |   265 ||   583
Block: Other             |       |       |     3 |       ||     3
       Buckler           |       |       |    96 |   214 ||   310
       Reflection        |       |       |       |     2 ||     2

Vanquished Creatures
  A hydra (Lair:1)
  3 two-headed ogres
  2 spiny frogs
  2 komodo dragons (Lair:1)
  A troll (D:9)
  3 hippogriffs
  Sigmund (D:5)
  3 yaks (D:9)
  4 hogs (D:7)
  A basilisk (Lair:1)
  A human (D:7)
  A steam dragon (D:9)
  A hungry ghost (D:10)
  3 vampire mosquitoes (D:8)
  3 wargs (D:10)
  3 water moccasins
  Purgy (Sewer)
  2 porcupines (Lair:1)
  6 orc warriors
  4 ice beasts
  2 black bears
  An eye of draining (D:10)
  3 ogres
  3 phantoms
  10 wolves
  3 centaurs
  2 crocodiles
  Blork the orc (D:4)
  5 bullfrogs
  A wyvern skeleton (D:8)
  2 scorpions
  4 killer bees (D:8)
  A centaur zombie (D:10)
  3 crimson imps
  A bullfrog zombie (D:8)
  A centaur skeleton (D:7)
  4 hounds
  4 jellies
  8 orc priests
  8 orc wizards
  An iguana (D:6)
  8 worker ants
  2 hound zombies
  A hound skeleton (D:6)
  2 worker ant zombies
  10 adders
  A shadow imp (D:6)
  A white imp (D:6)
  3 oozes
  2 adder skeletons
  An adder zombie (D:9)
  A worm (D:3)
  2 dart slugs
  13 leopard geckos
  43 orcs
  12 bats
  3 giant cockroaches
  11 hobgoblins
  6 jackals
  4 quokkas
  5 ball pythons
  5 frilled lizards
  13 goblins
  A jackal skeleton (D:4)
  12 kobolds
  2 leopard gecko skeletons
  A quokka skeleton (D:7)
  A quokka zombie (D:7)
  8 rats
  A butterfly (D:7)
289 creatures vanquished.

Vanquished Creatures (others)
  An orc wizard (D:10)
1 creature vanquished.

Grand Total: 290 creatures vanquished
